 Dungeon Crawl Stone Soup version 0.31-a0-506-g3d79149578 (webtiles) character file.

Game seed: 6732913675352688915

1075 GordonOverkill the Sneak (level 8, -6/45 HPs)
             Began as an Octopode Delver on Aug 9, 2023.
             Mangled by Edmund
             ... wielding a +5 flail of venom
              (8 damage)
             ... on level 6 of the Dungeon.
             The game lasted 00:12:42 (4506 turns).

GordonOverkill the Sneak (Octopode Delver)          Turns: 4506, Time: 00:12:43

Health: -6/45      AC: 13    Str: 23    XL:     8   Next: 29%
Magic:  8/8        EV: 10    Int: 20    God:
Gold:   192        SH:  0    Dex: 13    Spells: 7/7 levels left

rFire   . . .        a - melded +0 short sword
rCold   . . .        (shield currently unavailable)
rNeg    + . .        (helmet currently unavailable)
rPois   .            (no amulet)
rElec   .            l - ring of positive energy
rCorr   .            p - +6 ring of intelligence
SInv    .            q - +4 ring of slaying
Will    +....        r - +4 ring of protection
Stlth   +++          v - +6 ring of strength
HPRegen 0.27/turn    (no ring)
MPRegen 0.11/turn    (no ring)
                     (no ring)

%: no passive effects
@: lethally poisoned (-6 -> -25), snake-form, enlightened, flying, studying
Shapeshifting
A: constrict, reduced hp, almost no armour, amphibious, 8 rings, large,
(camouflage 1), (gelatinous body 1), (nimble swimmer 1), (tentacles), mutation
resistance 1
a: Begin Untransformation


You were on level 6 of the Dungeon.
You were an enormous anaconda.
You visited 1 branch of the dungeon, and saw 6 of its levels.

You collected 192 gold pieces.

Inventory:

Hand Weapons
 a - a +0 short sword (melded)
Missiles
 j - 18 poisoned darts (quivered)
 m - 2 boomerangs
Armour
 d - an orb of guile
 n - an orb of light
Jewellery
 l - a ring of positive energy (left tentacle)
 p - a +6 ring of intelligence (right tentacle)
 q - a +4 ring of slaying (on tentacle)
 r - a +4 ring of protection (on tentacle)
 v - a +6 ring of strength (on tentacle)
Talismans
 e - a dragon-blood talisman
 k - a serpent talisman (active)
Wands
 f - a wand of digging (3)
 i - a wand of flame (15)
Scrolls
 b - a scroll of fog
 c - 2 scrolls of revelation
 g - a scroll of brand weapon {unknown}
 h - a scroll of blinking
 o - 2 scrolls of summoning
 s - a scroll of torment {unknown}
 w - 2 scrolls of teleportation
 y - a scroll of poison {unknown}
 z - a scroll of enchant weapon {unknown}
Potions
 t - a potion of cancellation
 u - 2 potions of enlightenment
 x - a potion of invisibility
 A - a potion of degeneration {unknown}


   Skills:
 + Level 4.4 Fighting
 - Level 4.0 Short Blades
 - Level 2.0 Throwing
 - Level 2.0 Dodging
 - Level 6.6 Stealth
 + Level 2.9 Unarmed Combat
 + Level 6.0 Shapeshifting


You had 7 spell levels left.
You didn't know any spells.
Your spell library contained the following spells:

 Spells                   Type           Power      Damage    Failure   Level
 Summon Small Mammal      Summ           0%         N/A       19%         1
 Call Canine Familiar     Summ           0%         N/A       50%         3
 Portal Projectile        Hex/Tloc       0%         N/A       50%         3
 Summon Guardian Golem    Hex/Summ       0%         N/A       50%         3
 Leda's Liquefaction      Hex/Erth       0%         N/A       88%         4


Dungeon Overview and Level Annotations

Branches:
Dungeon (6/15)
 Temple: D:4-7

Altars:
Hepliaklqana
Qazlal
Wu Jian

Annotations:
D:3 1 runed translucent door, Crazy Yiuf
D:6 Edmund


Innate Abilities, Weirdness & Mutations

You are an enormous anaconda.
You have a powerful constriction melee attack.
Your maximum health is decreased, since you lack skill for your form.
Your armour is entirely melded.
You are incapable of wielding weapons or throwing items.
You cannot wear most types of armour.
You are amphibious.
You can wear up to eight rings at the same time.
((Your skin changes colour to match your surroundings (Stealth+).))
((Your rubbery body absorbs attacks. (AC +1, EV +1)))
((You are camouflaged when in or above water. (Stealth+)))
((You have tentacles for arms and can constrict up to eight enemies at once.))
You are somewhat resistant to further mutation.


Message History

Edmund hits you with a +5 flail of venom!
You are poisoned.
Your Shapeshifting skill increases to level 6!
You are too injured to fight recklessly!
You are too injured to fight recklessly!
You closely miss Edmund. You grab Edmund. You constrict Edmund.
You feel very sick.
An iguana comes into view.
Edmund closely misses you.
The iguana hisses angrily.
You lash Edmund!
Edmund is heavily wounded.
You constrict Edmund, but do no damage.
You feel very sick.
Edmund hits you with a +5 flail of venom!
* * * LOW HITPOINT WARNING * * *
You are lethally poisoned!
You hit Edmund.
Edmund is heavily wounded.
You constrict Edmund.
* * * LOW HITPOINT WARNING * * *
You feel very sick. Edmund hits you but does no damage.
You are more poisoned.
You barely miss Edmund.
Edmund is heavily wounded.
You constrict Edmund.
* * * LOW HITPOINT WARNING * * *
You feel extremely sick. Edmund misses you.
Okay, then.
Unknown command.
Okay, then.
It was a potion of enlightenment.
You feel very buoyant.
You fly up into the air.
You constrict Edmund.
* * * LOW HITPOINT WARNING * * *
You feel very sick.
Edmund hits you with a +5 flail of venom!
You die...

........#
.... ...#
........#
........# #
......l#.#
.##..#.#.#
..#..†@..#
#.#.##S#####
#.#.##.....#
#.#.######.#
#.#<....##.#
#...###....#
##...#######
#..## #>.#
#.##


You could see Edmund and an iguana.

Vanquished Creatures
  Eustachio (D:5)
  2 phantoms (D:5)
  A kobold brigand (D:5)
  A scorpion (D:4)
  A jelly (D:4)
  3 orc priests (D:5)
  3 hounds
  2 sleepcaps (D:5)
  2 iguanas (D:5)
  An orc wizard (D:4)
  7 gnolls
  13 adders
  2 worms (D:3)
  A dart slug (D:4)
  22 orcs
  5 bats
  10 endoplasms
  3 giant cockroaches
  9 goblins
  12 hobgoblins
  7 quokkas
  8 ball pythons
  3 frilled lizards
  10 kobolds
  5 rats
134 creatures vanquished.

Notes
Turn   | Place    | Note
-------+----------+-------------------------------------------
     0 | D:5      | GordonOverkill the Octopode Delver began the quest for the
                  | Orb.
     0 | D:5      | Reached XP level 1. HP: 16/16 MP: 1/1
    68 | D:5      | Noticed an orc priest
   121 | D:6      | Noticed a hound
   155 | D:5      | Noticed Eustachio
   183 | D:5      | Noticed a kobold brigand
   183 | D:5      | Noticed an orc priest
   351 | D:5      | Reached XP level 2. HP: 10/21 MP: 2/2
   459 | D:5      | Reached skill level 1 in Throwing
   459 | D:5      | Reached XP level 3. HP: 26/26 MP: 3/3
   665 | D:5      | Found a stormy altar of Qazlal.
   788 | D:5      | Reached XP level 4. HP: 20/31 MP: 4/4
   989 | D:5      | Noticed a phantom
  1011 | D:4      | Gained mutation: You are somewhat resistant to further
                  | mutation. [potion of mutation]
  1016 | D:4      | Reached skill level 1 in Shapeshifting
  1027 | D:4      | Noticed a scorpion
  1151 | D:4      | Identified the +0 chain mail of Birdsong {*Slow rPois rN+++
                  | Dex-3}
  1189 | D:4      | Reached XP level 5. HP: 36/36 MP: 5/5
  1473 | D:4      | Reached XP level 6. HP: 42/42 MP: 6/6
  1890 | D:3      | Found a hazy altar of Hepliaklqana.
  1892 | D:3      | Found an ornate altar of the Wu Jian Council.
  2277 | D:3      | Reached XP level 7. HP: 12/46 MP: 7/7
  2509 | D:3      | Found a runed translucent door.
  2510 | D:3      | Noticed Crazy Yiuf
  3304 | D:2      | Identified the +2 pair of boots of the Sharp God {rF+}
  3349 | D:1      | Reached skill level 5 in Shapeshifting
  4086 | D:5      | Reached skill level 1 in Unarmed Combat
  4147 | D:5      | Killed Eustachio
  4177 | D:5      | Reached XP level 8. HP: 42/54 MP: 8/8
  4495 | D:6      | Noticed Edmund
  4506 | D:6      | HP: 2/45 [poisoned by Edmund]
  4506 | D:6      | Mangled by Edmund

Illustrated notes

Levels and vault maps discovered:
D:1:      saegor_arrival_simple_b, layout_basic
D:2:      layout_rooms, hangedman_decor_growths, mrwooster_statue_mirror,
          chequers_mini_garden, kennysheep_minor_cross, minmay_pentomino_x2
D:3:      minmay_chambers_of_threes, layout_rooms, minitemple,
          uniq_crazy_yiuf_cottage
D:4:      layout_basic
D:5:      layout_basic, kennysheep_mini, minmay_manual_mandibuliform,
          uniq_eustachio
D:6:      layout_basic, lemuel_round_altar, cheibrodos_ashenzari_chains,
          uniq_edmund

Skill      XL: |  1  2  3  4  5  6  7  8 |
---------------+-------------------------+-----
Short Blades   | 3 4 |  4.0
Throwing       | 1 2 |  2.0
Shapeshifting  | 1 3 4 5 6 |  6.0
Unarmed Combat | 2 |  2.9
Fighting       | 4 |  4.4
Dodging        | |  2.0
Stealth        | |  6.6

Action                     |  1- 3 |  4- 6 |  7- 9 || total
---------------------------+-------+-------+-------++-------
  Melee: Short sword       |     9 |    51 |       ||    60
         Constrict         |     3 |    27 |    24 ||    54
         Tentacles         |     2 |    13 |       ||    15
         Unarmed           |       |    99 |   135 ||   234
  Throw: Dart              |     8 |       |       ||     8
    Use: Potion            |     1 |     3 |     2 ||     6
         Scroll            |       |     1 |     5 ||     6
   Stab: Sleeping          |     1 |    12 |    16 ||    29
         Distracted        |       |       |     1 ||     1
 Armour: Skin              |     1 |    33 |    52 ||    86
  Dodge: Dodged            |     9 |    93 |    58 ||   160
   Form: Anaconda          |       |     1 |     1 ||     2
         Dragon            |       |       |     1 ||     1

Table legend: (Time is in decaauts)
 A = Elapsed time spent in this place.
 B = Non-inter-level travel time spent in this place.
 C = Inter-level travel time spent in this place.
 D = Time resting spent in this place.
 E = Time spent auto-exploring this place.
 F = Levels seen in this place.
 G = Mean time per level.
                   A        B        C        D        E       F      G
               +--------+--------+--------+--------+--------+-----+--------+
         Total |   4474 |   4074 |    400 |    631 |   1563 |   6 |  745.7 |
       Dungeon |   4474 |   4074 |    400 |    631 |   1563 |   6 |  745.7 |
               +--------+--------+--------+--------+--------+-----+--------+

Top non-repeatable levels by time:
     D:5: 1739 daAuts
     D:3: 950 daAuts
     D:2: 652 daAuts
     D:4: 580 daAuts
     D:1: 484 daAuts
     D:6: 66 daAuts
